 Dungeon Sprint DCSS version 0.17-a0-1951-g62301d3 (webtiles) character file.

104 KambridgeKobold the Conjurer (level 4, -4/27 HPs)
             Began as a High Elf Conjurer on Oct 2, 2015.
             Killed from afar by Sigmund (7 damage)
             ... with a magic dart
             ... in the Dungeon (Sprint I: "Red Sonja").
             The game lasted 00:02:00 (185 turns).

KambridgeKobold the Conjurer (High Elf Conjurer)     Turns: 185, Time: 00:02:00

Health: -4/27      AC:  2    Str:  8    XL:     4   Next: 52%
Magic:  0/12       EV: 16    Int: 18    God:
Gold:   54         SH:  0    Dex: 16    Spells: 3 memorised, 8 levels left

rFire  . . .     SeeInvis .     (no weapon)
rCold  . . .     Clarity  .     a - +0 robe
rNeg   . . .     SustAt   .     (no shield)
rPois  .         Gourm    .     (no helmet)
rElec  .         Spirit   .     (no cloak)
rCorr  .         Warding  .     (no gloves)
rMut   .         NoTele   +     (no boots)
MR     .....                    (no amulet)
Stlth  ++........               (no ring)
                                (no ring)

@: not resistant to hostile enchantments, unstealthy
A: no striking features
a: no special abilities


You were in the Dungeon.
You were not hungry.

You visited 1 branch You collected 54 gold pieces.

Inventory:

Armour
 a - a +0 robe (worn)
Scrolls
 i - a scroll of blinking
Potions
 d - a potion of curing
 e - a potion of heal wounds
 f - a potion of haste
 g - 2 potions of magic
Books
 b - a book of Conjurations

   Spells                             Type                      Level
   a - Magic Dart                     Conjuration                  1
   b - Searing Ray                    Conjuration                  2
   c - Dazzling Spray                 Conjuration/Hexes            3
   d - Fulminant Prism                Conjuration/Hexes            4
   e - Iskenderun's Mystic Blast      Conjuration                  4
   f - Iskenderun's Battlesphere      Conjuration/Charms           5
Comestibles
 c - a bread ration
 h - a chunk of flesh


   Skills:
 + Level 0.0 Fighting
 + Level 6.8 Dodging
 - Level 2.1 Stealth
 - Level 5.7 Spellcasting
 + Level 6.9 Conjurations


You had 8 spell levels left.
You knew the following spells:

 Your Spells              Type           Power        Failure   Level  Hunger
a - Magic Dart            Conj           ####         1%          1    None
b - Searing Ray           Conj           ####..       1%          2    None
c - Dazzling Spray        Conj/Hex       ###.....     12%         3    ##.....


Dungeon Overview and Level Annotations

Branches:
Dungeon (1/1)

Altars:

Annotations:
D Sigmund


Message History

You close the door.
Something unseen opens the door.
You close the door.
You start resting.
Something unseen opens the door.
You close the door.
Something unseen opens the door.
Something hits you.
* * * LOW HITPOINT WARNING * * *
Casting: Searing Ray
Confirm with . or Enter, or press ? or * to list all spells.
Aiming: Dazzling Spray
Press: ? - help, Shift-Dir - straight line
Casting: Dazzling Spray
Confirm with . or Enter, or press ? or * to list all spells.
You don't have enough magic to cast that spell.
Casting: Dazzling Spray
Confirm with . or Enter, or press ? or * to list all spells.
Aiming: Magic Dart
Press: ? - help, Shift-Dir - straight line The magic dart hits something.
A magic dart appears from out of thin air!
The magic dart hits you!
You die...

#############
#<.#.@'{.#..+
#..)..#..'..#
#..#####'####
#..# #..#
#..# ####
#..# #⌠⌠#
####


There were no monsters in sight!

Vanquished Creatures
  An ogre (D)
  Ijyb (D)
2 creatures vanquished.

Vanquished Creatures (others)
  A gargoyle (D)
1 creature vanquished.

Grand Total: 3 creatures vanquished

Notes
Turn   | Place    | Note
--------------------------------------------------------------
     0 | D        | KambridgeKobold the High Elf Conjurer began the quest for the Orb.
     0 | D        | Reached XP level 1. HP: 11/11 MP: 4/4
     1 | D        | Noticed Ijyb
     9 | D        | Killed Ijyb
     9 | D        | Reached skill level 5 in Conjurations
     9 | D        | Reached XP level 2. HP: 17/17 MP: 0/8
    18 | D        | Learned a level 2 spell: Searing Ray
    91 | D        | Noticed an ogre
    96 | D        | Killed an ogre
    96 | D        | Reached skill level 6 in Dodging
    96 | D        | Reached skill level 5 in Spellcasting
    96 | D        | Reached XP level 3. HP: 21/21 MP: 4/11
    96 | D        | Reached XP level 4. HP: 27/27 MP: 4/12
   111 | D        | Learned a level 3 spell: Dazzling Spray
   113 | D        | Killed a gargoyle
   163 | D        | Noticed Sigmund
   185 | D        | Killed from afar by Sigmund

Vault maps used:
D:        dungeon_sprint_1

Action                   |  1- 3 |  4- 6 || total
-------------------------+-------+-------++-------
Melee: Unarmed           |     3 |       ||     3
 Cast: Magic Dart        |     4 |     1 ||     5
       Searing Ray       |     2 |     2 ||     4
       Dazzling Spray    |       |     1 ||     1
  Use: Potion            |     1 |       ||     1
